[Event "*** Titled Tuesday Blitz"]
[Site "Chess.com"]
[Date "2020.11.03"]
[Round "3"]
[White "joppie2"]
[Black "NewBornNow"]
[Result "1-0"]
[WhiteElo "2864"]
[BlackElo "2643"]
[TimeControl "180+1"]
[EndTime "10:28:28 PST"]
[Termination "joppie2 won on time"]

1. e4 d6 2. d4 Nf6 3. Nc3 e5 4.
dxe5 dxe5 5. Qxd8+ Kxd8 6. Bc4 Ke8 7. f4 Bb4 8. Bd3 Nbd7 9. Nf3 Nc5 10. Bd2 exf4 11.
O-O-O Bxc3 12. Bxc3 Be6 13. Rhe1 Rd8 14. Be5 c6 15. b3 Nh5 16. Be2 Rxd1+ 17. Bxd1 f6 18. Bd6 Nd7 19. e5 Kf7 20. exf6 1-0

[Event "*** Titled Tuesday Blitz"]
[Site "Chess.com"]
[Date "2020.11.03"]
[Round "3"]
[White "KyrgyzFighter"]
[Black "ChristianAlm"]
[Result "1/2-1/2"]
[WhiteElo "2357"]
[BlackElo "2547"]
[TimeControl "180+1"]
[EndTime "10:28:28 PST"]
[Termination "Game drawn by repetition"]

1. c4 c5 2. Nf3 Nf6 3. d4 cxd4 4. Nxd4 g6 5. g3 Bg7 6. Bg2 O-O 7. O-O Nc6 8. Nc3 Nxd4 9. Qxd4 d6 10. Qd3 Be6 11. Bg5 Rc8 12. b3 Rc5 13. Be3 Bf5 14. Qd2 Rc8 15.
Bxb7 Rb8 16. Bg2 Qd7 17. Rac1 Bh3 18. Nd5 Bxg2 19. Nxf6+ Bxf6 20. Kxg2 a5 21. Qxa5 Ra8 22. Qd2 h5 23. h4 Bxh4 24. gxh4 Qg4+ 25. Kh2 Qxh4+ 26.
Kg2 Qg4+ 27. Kh2 Qh4+ 28. Kg2 Qg4+ 29. Kh2 Qh4+ 1/2-1/2

[Event "*** Titled Tuesday Blitz"]
[Site "Chess.com"]
[Date "2020.11.03"]
[Round "3"]
[White "PotapovaM"]
[Black "lacafi"]
[Result "1-0"]
[WhiteElo "2602"]
[BlackElo "2096"]
[TimeControl "180+1"]
[EndTime "10:28:29 PST"]
[Termination "PotapovaM won by checkmate"]

1. d4 f5 2. e4 fxe4 3. Nc3 Nf6 4.
Bg5 g6 5. f3 exf3 6. Nxf3 Bg7 7. Qd2 O-O 8. O-O-O d5 9. h4 Nh5 10. Ne5 Nc6 11. Nxd5 Nf6 12. Nc3 Bg4 13. Bc4+ Kh8 14.
Bxf6 Bxd1 15. Nxg6+ hxg6 16. Qh6# 1-0

[Event "*** Titled Tuesday Blitz"]
[Site "Chess.com"]
[Date "2020.11.03"]
[Round "3"]
[White "yourstrulyme"]
[Black "tigra"]
[Result "0-1"]
[WhiteElo "2456"]
[BlackElo "2820"]
[TimeControl "180+1"]
[EndTime "10:28:30 PST"]
[Termination "tigra won by resignation"]

1. e4 c5 2. Nf3 d6 3. d3 Nc6 4. g3 Bg4 5. Bg2 g6 6. O-O Bg7 7. Nbd2 Nf6 8. c3 O-O 9. a4 Qd7 10. Nc4 b6 11. e5 Nh5 12. exd6 exd6 13. h3 Bxh3 14. Bxh3 Qxh3 15. Nxd6 Nxg3 16. fxg3 Qxg3+ 17. Kh1 Qxd6 18. Ng5 Rad8 19. Qf3 Qxd3 20. Qg2 Qd5 21. Ne4 f5 22. Ng5 Ne5 23. Bf4 Nd3 24. Bc7 Qxg2+ 25. Kxg2 Rd7 26. Rad1 Rxc7 27. Ne6 Rd7 28. Nxf8 Bxf8 29.
c4 Bg7 30. b3 Kf7 31. Kf3 Ne5+ 32. Kf4 Rxd1 33. Rxd1 Ke7 34. Re1 h5 35. Kg5 Bf6+ 36.
Kh6 h4 0-1

[Event "*** Titled Tuesday Blitz"]
[Site "Chess.com"]
[Date "2020.11.03"]
[Round "3"]
[White "anon102030"]
[Black "dawtonlms"]
[Result "1-0"]
[WhiteElo "2669"]
[BlackElo "2421"]
[TimeControl "180+1"]
[EndTime "10:28:30 PST"]
[Termination "anon102030 won by resignation"]

1. e4 e6 2. d3 d5 3. Nd2 c5 4. g3 Nf6 5. Bg2 Nc6 6. Ngf3 Be7 7. O-O b6 8. b3 Bb7 9. Bb2 Qc7 10. Qe2 h6 11. Rfe1 a6 12. exd5 Nxd5 13. Bxg7 Rg8 14. Bb2 O-O-O 15. Ne4 h5 16. h4 Nd4 17. Nxd4 cxd4 18.
Qxh5 Nf6 19. Qxf7 Nxe4 20. Qxe6+ Kb8 21. Rxe4 Bc5 22. Rae1 Bd5 23. Qe5 Rd6 24. Bxd4 Bxe4 25. Bxc5 bxc5 26. Rxe4 Ka7 27. Rc4 Rc8 28. b4 1-0

[Event "*** Titled Tuesday Blitz"]
[Site "Chess.com"]
[Date "2020.11.03"]
[Round "3"]
[White "Jeffinho023"]
[Black "VMikhalevski"]
[Result "1-0"]
[WhiteElo "2558"]
[BlackElo "2724"]
[TimeControl "180+1"]
[EndTime "10:28:37 PST"]
[Termination "Jeffinho023 won by resignation"]

1. d4 Nf6 2. Nf3 g6 3. g3 Bg7 4.
Bg2 d5 5. O-O O-O 6. c3 b6 7. c4 Bb7 8. Ne5 e6 9. Nc3 Qc8 10. Bg5 Nbd7 11. Nxd7 Qxd7 12. Bxf6 Bxf6 13. cxd5 exd5 14. e3 Rfd8 15. Rc1 Rac8 16. Qb3 Rb8 17. Rfd1 Bg7 18. a4 a6 19. Qa2 Qe6 20. b4 c6 21.
b5 cxb5 22. axb5 a5 23. Na4 Rdc8 24. Qb3 Bf8 25. Nb2 h5 26. Nd3 Bd6 27. h4 Rc4 28. Qa2 Qe7 29. Rxc4 dxc4 30. Bxb7 Qxb7 31. Qxc4 Rc8 32.
Qb3 Qf3 33. Rc1 Re8 34. Rc6 Bxg3 35. Rxg6+ Kf8 36. Rxg3 Qf5 37. Qa3+ Re7 38. Ne5 Qb1+ 39. Kh2 Qxb5 40. Qd6 Qf1 41. Qh6+ 1-0

[Event "*** Titled Tuesday Blitz"]
[Site "Chess.com"]
[Date "2020.11.03"]
[Round "3"]
[White "vladislavkovalev"]
[Black "Koksik_13"]
[Result "1/2-1/2"]
[WhiteElo "2865"]
[BlackElo "2664"]
[TimeControl "180+1"]
[EndTime "10:28:43 PST"]
[Termination "Game drawn by repetition"]

1. e4 e6 2. d4 d5 3. Nd2 Nf6 4. e5 Nfd7 5. Bd3 c5 6. c3 Nc6 7. Ne2 cxd4 8. cxd4 f6 9. exf6 Qxf6 10. Nf3 h6 11.
O-O Bd6 12. Ng3 O-O 13. Re1 Rd8 14. Be3 Nf8 15. a3 Bd7 16. b4 a6 17. h3 Be8 18. Nh2 Bg6 19. Ng4 Qh4 20. Bxg6 Nxg6 21. Bxh6 Bxg3 22. fxg3 Qxg3 23. Bg5 Nf4 24. Bxf4 Qxf4 25.
Rxe6 Nxd4 26. Re7 Re8 27. Qe1 Nf3+ 28. gxf3 Rxe7 29. Qxe7 Qd4+ 30. Kg2 Qb2+ 31. Nf2 Qxa1 32. Qe6+ Kh8 33. Qxd5 Qxa3 34. Qh5+ Kg8 35. Qd5+ Kh8 36. Qh5+ Kg8 37. Qd5+ Kh8 1/2-1/2

[Event "*** Titled Tuesday Blitz"]
[Site "Chess.com"]
[Date "2020.11.03"]
[Round "3"]
[White "Rakhimzhan_Alen"]
[Black "Sjakkerntobi"]
[Result "1-0"]
[WhiteElo "2626"]
[BlackElo "2401"]
[TimeControl "180+1"]
[EndTime "10:28:47 PST"]
[Termination "Rakhimzhan_Alen won by checkmate"]

1. d4 e6 2. c4 Nf6 3. Nc3 c5 4.
d5 exd5 5. cxd5 d6 6. e4 g6 7. f4 Bg7 8. Bb5+ Nfd7 9. Nf3 O-O 10. O-O a6 11. Bd3 b5 12. Kh1 Re8 13. a3 c4 14.
Bc2 Nc5 15. Be3 Qc7 16. Bd4 f5 17. Bxg7 Qxg7 18. e5 Nbd7 19. Qd4 dxe5 20. fxe5 Rxe5 21. Nxe5 Qxe5 22. Qh4 Qf6 23. Qh6 Bb7 24. Rae1 Nb6 25.
Rxf5 Qd4 26. Rh5 gxh5 27. Bxh7+ Kf7 28. Qg6+ Kf8 29. Qg8# 1-0

[Event "*** Titled Tuesday Blitz"]
[Site "Chess.com"]
[Date "2020.11.03"]
[Round "3"]
[White "rugbyclub"]
[Black "JoliyRoger"]
[Result "0-1"]
[WhiteElo "2200"]
[BlackElo "2380"]
[TimeControl "180+1"]
[EndTime "10:28:50 PST"]
[Termination "JoliyRoger won by resignation"]

1. d4 Nf6 2. Nf3 e6 3. Bf4 c5 4. e3 b6 5. Nbd2 Bb7 6. Bd3 Be7 7. O-O O-O 8. h3 d6 9. Qe2 a6 10. a4 Nd5 11. Bh2 Nb4 12. c3 Nxd3 13. Qxd3 Nd7 14. e4 Rc8 15. Rfe1 Qc7 16. d5 e5 17. Bg3 c4 18.
Qe3 b5 19. axb5 axb5 20. Nh4 Nc5 21. Nf5 Ra8 22. Qf3 Nd3 23. Qg4 g6 24. Rxa8 Rxa8 25.
Re2 Bc8 26. Nh6+ Kf8 27. Qf3 Bg5 28. Ng4 Ra1+ 29. Kh2 Ne1 0-1

[Event "*** Titled Tuesday Blitz"]
[Site "Chess.com"]
[Date "2020.11.03"]
[Round "3"]
[White "arminmusovic"]
[Black "Man-Chuk"]
[Result "0-1"]
[WhiteElo "2577"]
[BlackElo "2851"]
[TimeControl "180+1"]
[EndTime "10:28:51 PST"]
[Termination "Man-Chuk won by resignation"]

1. a3 g6 2. Nc3 Bg7 3. e4 e5 4. Nf3 Nc6 5. Bc4 Nge7 6. d3 d6 7. Bg5 h6 8. Bh4 g5 9. Bg3 f5 10. h3 f4 11. Bh2 Ng6 12. Nd5 Nce7 13. Nxe7 Qxe7 14. c3 h5 15. Qb3 g4 16. Ng1 Nh4 17. g3 Ng2+ 18. Kf1 f3 19. h4 c6 20. Rd1 b5 21. Bd5 cxd5 22. Qxb5+ Kf7 23. exd5 Bf5 24. Ne2 fxe2+ 25. Kxg2 exd1=Q 26. Rxd1 Rab8 0-1

[Event "*** Titled Tuesday Blitz"]
[Site "Chess.com"]
[Date "2020.11.03"]
[Round "3"]
[White "AvitalBor"]
[Black "Chopper1905"]
[Result "0-1"]
[WhiteElo "2693"]
[BlackElo "2925"]
[TimeControl "180+1"]
[EndTime "10:28:57 PST"]
[Termination "Chopper1905 won by resignation"]

1. e4 e5 2. Nf3 Nc6 3. Bb5 a6 4. Ba4 Nf6 5. d3 b5 6. Bb3 Bc5 7. O-O d6 8. c3 Bb6 9. Re1 h6 10.
Nbd2 O-O 11. Nf1 Ne7 12. Ng3 Ng6 13. d4 a5 14. h3 a4 15. Bc2 c5 16. Be3 Qc7 17. Rc1 Re8 18. Bb1 Qa7 19. Nf5 exd4 20.
cxd4 Bxf5 21. exf5 Ne7 22. Qd2 Ba5 23. Qc2 Bxe1 24.
Rxe1 Ned5 25. Qd2 Qa5 26. Qc1 Rac8 27. Bd2 Rxe1+ 28. Qxe1 Qd8 29. dxc5 dxc5 30. Ne5 Qd6 31. f4 c4 32. Ng4 Nxg4 33. hxg4 a3 34. f6 Nxf6 35.
g5 Re8 36. Qf2 Ng4 0-1

[Event "*** Titled Tuesday Blitz"]
[Site "Chess.com"]
[Date "2020.11.03"]
[Round "3"]
[White "talyamania"]
[Black "AldokhinIvan"]
[Result "0-1"]
[WhiteElo "2373"]
[BlackElo "2586"]
[TimeControl "180+1"]
[EndTime "10:28:58 PST"]
[Termination "AldokhinIvan won by checkmate"]

1. e4 c5 2. Nf3 g6 3. g3 Bg7 4. Bg2 Nc6 5. O-O d6 6. d3 f5 7. Re1 Nf6 8. Nc3 O-O 9. e5 Ng4 10. exd6 Qxd6 11. h3 Nh6 12. Be3 e5 13. Nd2 Be6 14.
Nc4 Bxc4 15. dxc4 Nd4 16. Bxb7 Rab8 17. Bd5+ Kh8 18. Bxd4 cxd4 19. Nb5 Rxb5 20. cxb5 Qxd5 21. c3 Nf7 22. cxd4 exd4 23. Qb3 Qb7 24. Rad1 Ng5 25.
Rd3 Nxh3+ 26. Kh2 Nxf2 27. Re6 Qh1# 0-1

[Event "*** Titled Tuesday Blitz"]
[Site "Chess.com"]
[Date "2020.11.03"]
[Round "3"]
[White "MIJuanReyesRosa"]
[Black "barbara25"]
[Result "0-1"]
[WhiteElo "2115"]
[BlackElo "2344"]
[TimeControl "180+1"]
[EndTime "10:28:59 PST"]
[Termination "barbara25 won by resignation"]

1. d4 Nf6 2. Nf3 e6 3. c4 d5 4. Nc3 c6 5. e3 Be7 6. Bd3 O-O 7.
O-O Nbd7 8. Qc2 b6 9. b3 Bb7 10. Bb2 c5 11. Rfd1 Rc8 12. Ne5 h6 13. cxd5 exd5 14. Bf5 Rc7 15. Nb5 Rc8 16. Nxa7 Ra8 17. Nac6 Qe8 18. Nxe7+ Qxe7 19. Nxd7 Nxd7 20. dxc5 Nxc5 21. Qc3 f6 22. Bh7+ Kxh7 23. b4 Ne4 24.
Qc2 Kh8 25. f3 Ng5 26. Qg6 Qxe3+ 27. Kh1 Qf4 28. Rac1 Nxf3 29. gxf3 Qxf3+ 30. Qg2 d4 31. Qxf3 Bxf3+ 32. Kg1 Bxd1 0-1

[Event "*** Titled Tuesday Blitz"]
[Site "Chess.com"]
[Date "2020.11.03"]
[Round "3"]
[White "MarkoPe"]
[Black "JoachimMouhamad"]
[Result "1-0"]
[WhiteElo "2236"]
[BlackElo "2376"]
[TimeControl "180+1"]
[EndTime "10:29:03 PST"]
[Termination "MarkoPe won by resignation"]

1. c4 e5 2. g3 Nf6 3. Bg2 d5 4. cxd5 Nxd5 5. Nc3 Nb6 6. Nf3 Nc6 7. O-O Be7 8. d3 O-O 9. Be3 Re8 10. Qc1 Bf8 11. Rd1 Bg4 12. d4 Bxf3 13. Bxf3 Nxd4 14. Bxb7 Rb8 15.
Bg2 Nd5 16. Bxd5 Qxd5 17. Rxd4 Qxd4 18. Bxd4 exd4 19. Nd5 Rxe2 20. Nf4 Rexb2 21. Qxc7 Re8 22. Qxa7 g5 23. Nh5 Ree2 24. Qxd4 Rbd2 25. Qf6 Re6 26.
Qxg5+ Rg6 27. Qxd2 1-0

[Event "*** Titled Tuesday Blitz"]
[Site "Chess.com"]
[Date "2020.11.03"]
[Round "3"]
[White "GM_LOADING"]
[Black "Aygehovit1992"]
[Result "1-0"]
[WhiteElo "2482"]
[BlackElo "2622"]
[TimeControl "180+1"]
[EndTime "10:29:06 PST"]
[Termination "GM_LOADING won by resignation"]

1. Nf3 Nf6 2. g3 e6 3. Bg2 c5 4. O-O Nc6 5. c4 b6 6. d4 cxd4 7. Nxd4 Bb7 8. Nc3 Be7 9. Ndb5 d6 10. Bf4 e5 11. Bg5 Rc8 12. Bxf6 gxf6 13. Nxa7 Nxa7 14. Bxb7 Rxc4 15. Qb3 Rc5 16. Qa4+ Qd7 17. Qxa7 O-O 18. Qa6 d5 19. Bxd5 Rxd5 20. Nxd5 Qxd5 21. Qxb6 Bc5 22. Qxf6 e4 23. e3 Re8 24. Rfd1 Qh5 25. Rd8 Rxd8 26.
Qxd8+ Kg7 27. Rd1 h6 28. Qd5 Qe2 29. Qd2 Qf3 30. Qc3+ Kg6 31. Rd5 Be7 32. a4 h5 33.
Qc6+ Kg7 34. Qc3+ Bf6 35. Qd2 h4 36. Qd1 hxg3 37. Qxf3 1-0

[Event "*** Titled Tuesday Blitz"]
[Site "Chess.com"]
[Date "2020.11.03"]
[Round "3"]
[White "ljuks68"]
[Black "GMKrikor"]
[Result "0-1"]
[WhiteElo "2367"]
[BlackElo "2771"]
[TimeControl "180+1"]
[EndTime "10:29:07 PST"]
[Termination "GMKrikor won by resignation"]

1. e4 c5 2. Nf3 d6 3. d4 cxd4 4. Nxd4 Nf6 5. Nc3 a6 6. Bg5 Nbd7 7. Qe2 Qc7 8. O-O-O e6 9. g4 b5 10. a3 Bb7 11. Bd2 Ne5 12. g5 Nfd7 13. f4 Nc4 14. Ndxb5 axb5 15. Nxb5 Qb6 16. Qxc4 Rc8 17. Qd3 Nc5 18.
Qh3 Bxe4 19. Kb1 Bxh1 20. f5 Be4 21. fxe6 Nxe6 22. Nc3 Bg6 23. Bb5+ Kd8 24. Be3 Qb7 25. a4 Be7 26. a5 Rxc3 0-1

[Event "*** Titled Tuesday Blitz"]
[Site "Chess.com"]
[Date "2020.11.03"]
[Round "3"]
[White "frederiksvane"]
[Black "mjray79"]
[Result "0-1"]
[WhiteElo "2624"]
[BlackElo "2487"]
[TimeControl "180+1"]
[EndTime "10:29:10 PST"]
[Termination "mjray79 won on time"]

1. e4 e5 2. Nf3 Nc6 3. Bb5 a6 4.
Ba4 Nf6 5. O-O Be7 6. d3 b5 7. Bb3 d6 8. a3 O-O 9. Nc3 Na5 10. Ba2 c5 11. b4 Nc6 12. Nd5 Be6 13. Nxf6+ Bxf6 14. Bxe6 fxe6 15. bxc5 dxc5 16. Be3 Nd4 17. Bxd4 exd4 18. Qe2 e5 19. a4 Qd7 20. Rfb1 Rfc8 21.
Nd2 Rab8 22. axb5 axb5 23. g3 Qe6 24. Kg2 Bg5 25. Nf3 Be7 26. Ra7 c4 27. Nd2 Bg5 28. Nf3 Bf6 29. h4 cxd3 30. cxd3 b4 31. Nd2 Rc3 32.
Nc4 b3 33. Rb2 Be7 34. Ra5 Bd6 0-1

[Event "*** Titled Tuesday Blitz"]
[Site "Chess.com"]
[Date "2020.11.03"]
[Round "3"]
[White "sboshaon21"]
[Black "annamaja"]
[Result "1-0"]
[WhiteElo "2037"]
[BlackElo "2294"]
[TimeControl "180+1"]
[EndTime "10:29:10 PST"]
[Termination "sboshaon21 won by resignation"]

1. d4 d5 2. Nf3 Nf6 3. c4 c6 4.
Nc3 e6 5. e3 Bd6 6. Bd3 O-O 7.
O-O Nbd7 8. e4 dxe4 9. Nxe4 Nxe4 10. Bxe4 Nf6 11. Bc2 b6 12. b3 Bb7 13. Bb2 c5 14. Qd3 Be4 15. Qd1 Bxc2 16. Qxc2 cxd4 17. Nxd4 Bxh2+ 18. Kxh2 Ng4+ 19. Kg1 Qh4 20. Nf3 Qh5 21. Qe4 Rad8 22. Rad1 h6 23. Qf4 f5 24. Rxd8 Rxd8 25. Qc7 e5 26. Qxd8+ Kh7 27. Bxe5 Nxe5 28. Nxe5 f4 29.
Qd3+ 1-0

[Event "*** Titled Tuesday Blitz"]
[Site "Chess.com"]
[Date "2020.11.03"]
[Round "3"]
[White "Alindsay211"]
[Black "Jumbo"]
[Result "0-1"]
[WhiteElo "2458"]
[BlackElo "2846"]
[TimeControl "180+1"]
[EndTime "10:29:11 PST"]
[Termination "Jumbo won by resignation"]

1. c4 e5 2. Nc3 Nf6 3. e3 d5 4. cxd5 Nxd5 5. Nge2 Nc6 6. g3 Ndb4 7. d4 exd4 8. exd4 Bf5 9. Bg2 Nc2+ 10. Kf1 Nxa1 11.
Bf4 Nc2 12. d5 Bc5 13. dxc6 Qxd1+ 14. Nxd1 O-O-O 15. cxb7+ Kb8 16. Ndc3 Rhe8 17. Bf3 Bh3+ 18. Bg2 Rxe2 19. Kxe2 Bxg2 20. Rd1 Rxd1 21. Kxd1 Nd4 22.
Kd2 Kxb7 23. Nd5 Bxd5 0-1

[Event "*** Titled Tuesday Blitz"]
[Site "Chess.com"]
[Date "2020.11.03"]
[Round "3"]
[White "MoreChessJulia"]
[Black "rynos0411"]
[Result "0-1"]
[WhiteElo "2069"]
[BlackElo "2478"]
[TimeControl "180+1"]
[EndTime "10:29:12 PST"]
[Termination "rynos0411 won by resignation"]

1. d4 d5 2. c4 c6 3. Nf3 Nf6 4. Nc3 e6 5. e3 Bd6 6. Bd3 Nbd7 7.
a3 O-O 8. Qe2 dxc4 9. Bxc4 b5 10. Bd3 Bb7 11. e4 e5 12. d5 a6 13. dxc6 Bxc6 14.
O-O Qe7 15. b4 Rfd8 16. Bb2 Rac8 17. Rac1 Nb6 18. Rc2 Bb7 19. Rd1 h6 20. g3 Nc4 21.
Bxc4 Rxc4 22. Nd5 Nxd5 23. exd5 Rxc2 24. Qxc2 Rc8 25. Qd2 Rc4 26. Nh4 Bc8 27. Re1 Qc7 28. Bc1 Rc2 29. Qe3 Qc3 30. Qxc3 Rxc3 31. Ng2 Rd3 32.
Ne3 Bb7 33. Nf5 Rxd5 34. Bb2 Bf8 35. Bxe5 f6 36. Ne3 Rxe5 37. Rc1 Re7 38. Nf5 Rd7 39. h4 Rd3 40. Rc7 Rd1+ 0-1

[Event "*** Titled Tuesday Blitz"]
[Site "Chess.com"]
[Date "2020.11.03"]
[Round "3"]
[White "WinstonSilvakov"]
[Black "Nara_Kh"]
[Result "0-1"]
[WhiteElo "2113"]
[BlackElo "2339"]
[TimeControl "180+1"]
[EndTime "10:29:12 PST"]
[Termination "Nara_Kh won by checkmate"]

1. d4 d5 2. e3 Nf6 3. Bd3 g6 4. h4 h5 5. Nh3 Bh6 6. f4 Bg4 7. Qd2 e6 8. Nf2 Bf5 9. c4 c5 10. Bxf5 exf5 11. dxc5 dxc4 12. Qxd8+ Kxd8 13. Na3 Na6 14.
c6 bxc6 15. Nxc4 Nb4 16. Ke2 Kc7 17. Bd2 Nbd5 18. Ne5 Rhe8 19. Rac1 Re6 20. Nfd3 Ne4 21.
Nc5 Nxc5 22. Rxc5 f6 23. Nxg6 Rg8 24. g4 fxg4 25. f5 Ree8 26. Rhc1 Nxe3 27. Rxc6+ Kb8 28. Kf2 Nxf5 29. Bxh6 Nxh6 30. Nf4 g3+ 31. Kg2 Nf5 32. R1c3 Nxh4+ 33. Kh3 g2 34. Rb3+ Ka8 35. Nd5 g1=N+ 36. Kxh4 Rg4+ 37. Kxh5 Rg5+ 38. Kh6 Rh8# 0-1

[Event "*** Titled Tuesday Blitz"]
[Site "Chess.com"]
[Date "2020.11.03"]
[Round "3"]
[White "FairChess_on_YouTube"]
[Black "lucachess49"]
[Result "1-0"]
[WhiteElo "2983"]
[BlackElo "2352"]
[TimeControl "180+1"]
[EndTime "10:29:13 PST"]
[Termination "FairChess_on_YouTube won on time"]

1. d4 Nf6 2. c4 e6 3. Nf3 a6 4. Nc3 d5 5. cxd5 exd5 6. Bg5 Be6 7. Bxf6 Qxf6 8. Qb3 b5 9. a4 b4 10. Nxd5 Qd8 11.
e4 c6 12. Qe3 cxd5 13. exd5 Qxd5 14. Rc1 Be7 15. Bd3 Qa5 16. O-O Nd7 17. Be4 Rd8 18. d5 Bxd5 19. Bxd5 Qxd5 20. Rfe1 O-O 21. Qxe7 a5 22. Rcd1 Qc6 23. Ne5 Nxe5 24. Rxd8 1-0

[Event "*** Titled Tuesday Blitz"]
[Site "Chess.com"]
[Date "2020.11.03"]
[Round "3"]
[White "gmmoranda"]
[Black "PavlovDanila"]
[Result "1/2-1/2"]
[WhiteElo "2892"]
[BlackElo "2676"]
[TimeControl "180+1"]
[EndTime "10:29:16 PST"]
[Termination "Game drawn by repetition"]

1. d4 Nf6 2. c4 g6 3. Nc3 Bg7 4. e4 d6 5. f4 O-O 6. Nf3 c5 7.
d5 e6 8. Be2 exd5 9. cxd5 Re8 10. e5 dxe5 11. fxe5 Ng4 12. e6 fxe6 13. d6 Nc6 14.
O-O a6 15. Ne4 Nge5 16. Nxe5 Nxe5 17. Bg5 Qb6 18. Nf6+ Bxf6 19. Bxf6 c4+ 20. Kh1 Nd3 21. Bxd3 cxd3 22. Qxd3 Bd7 23. Qd2 Rf8 24. Qh6 Rf7 25. Be5 Raf8 26. Rxf7 Rxf7 27. Qg5 Qb5 28. h3 Rf5 29. Qd8+ Rf8 30. Qe7 Rf7 31. Qg5 Rf5 32.
Qe7 Rf7 33. Qd8+ Rf8 34. Qe7 Rf7 1/2-1/2

[Event "*** Titled Tuesday Blitz"]
[Site "Chess.com"]
[Date "2020.11.03"]
[Round "3"]
[White "Kotofeyca"]
[Black "valeriocarnicelli"]
[Result "1-0"]
[WhiteElo "2379"]
[BlackElo "2563"]
[TimeControl "180+1"]
[EndTime "10:29:16 PST"]
[Termination "Kotofeyca won by resignation"]

1. d4 Nf6 2. c4 c6 3. Nc3 d5 4.
cxd5 cxd5 5. Bf4 Nc6 6. e3 a6 7. Nf3 Bg4 8. h3 Bh5 9. g4 Bg6 10. Ne5 e6 11. Qa4 Qb6 12. Bb5 Rc8 13. Bxc6+ bxc6 14.
O-O Be7 15. Qb3 Qa7 16. Na4 O-O 17. Rfc1 c5 18. dxc5 Bxc5 19. Nxc5 Rxc5 20. Nxg6 hxg6 21.
Bd6 Rxc1+ 22. Rxc1 Rd8 23. Be5 Rd7 24. Rc8+ Kh7 25. Qb4 g5 26. Bxf6 Kg6 27. Bd4 Qb7 28.
Qxb7 Rxb7 29. Ra8 f6 30. Rxa6 e5 31. Bxe5 1-0

[Event "*** Titled Tuesday Blitz"]
[Site "Chess.com"]
[Date "2020.11.03"]
[Round "3"]
[White "Evachess2006"]
[Black "MariaFominykh"]
[Result "0-1"]
[WhiteElo "1640"]
[BlackElo "2325"]
[TimeControl "180+1"]
[EndTime "10:29:21 PST"]
[Termination "MariaFominykh won on time"]

1. e4 d6 2. d4 Nf6 3. Nc3 Nbd7 4. Nf3 e5 5. dxe5 dxe5 6. Bc4 Bb4 7. Bg5 O-O 8. O-O c6 9. Bxf6 Qxf6 10. a3 Ba5 11. b4 Bb6 12. Na4 Bc7 13. Nc5 Nxc5 14.
bxc5 Qe7 15. Qd3 Bg4 16. Nd2 Qxc5 17. Kh1 b5 18. f3 bxc4 19. Qxc4 Qxc4 20. Nxc4 Be6 0-1

[Event "*** Titled Tuesday Blitz"]
[Site "Chess.com"]
[Date "2020.11.03"]
[Round "3"]
[White "FMalexhdez"]
[Black "akanga001"]
[Result "1-0"]
[WhiteElo "2298"]
[BlackElo "1914"]
[TimeControl "180+1"]
[EndTime "10:29:22 PST"]
[Termination "FMalexhdez won by resignation"]

1. e4 c6 2. d4 d5 3. exd5 cxd5 4. Bd3 Nc6 5. c3 g6 6. Bf4 Bg7 7. Nd2 e6 8. Ngf3 Nge7 9. O-O O-O 10. Re1 a6 11. a4 Nf5 12. h3 Nh4 13. Bg3 Nxf3+ 14.
Nxf3 Re8 15. Ne5 Nxe5 16. Bxe5 f6 17. Bh2 e5 18. dxe5 fxe5 19. Bc2 e4 20. Qd2 Be6 21. Rad1 Qb6 22. Bb1 Qb3 23. a5 Rad8 24. Bc7 Rd7 25.
Bb6 Rf8 26. f3 Qb5 27. Qe2 Re7 28. Qxb5 axb5 29. Bc5 1-0

[Event "*** Titled Tuesday Blitz"]
[Site "Chess.com"]
[Date "2020.11.03"]
[Round "3"]
[White "MasterKroket"]
[Black "ftorodent"]
[Result "0-1"]
[WhiteElo "2418"]
[BlackElo "2663"]
[TimeControl "180+1"]
[EndTime "10:29:24 PST"]
[Termination "ftorodent won by resignation"]

1. d4 f5 2. c4 Nf6 3. Nf3 g6 4. Nc3 Bg7 5. g3 O-O 6. Bg2 d6 7. O-O Qe8 8. d5 a5 9. Qc2 Na6 10. a3 Nc5 11. b3 c6 12. Nd4 e5 13. dxe6 Bxe6 14. Nxe6 Qxe6 15. Bb2 a4 16. Nxa4 Nxa4 17.
bxa4 Ra5 18. Rfd1 Rfa8 19. Bc3 Rxa4 20. Bb4 c5 21. Bxb7 R8a7 22. Bd5 Nxd5 23. cxd5 Qe4 24. Qxe4 fxe4 25. Bxc5 dxc5 26. Rac1 c4 27. d6 Rd7 28. Rb1 c3 29. Rb8+ Kf7 30. Rc8 Rxa3 31. Rc7 Ke6 32. Rc6 Ra5 33. f3 Rd5 34. Rxd5 Kxd5 35. Rc7 Kxd6 0-1

[Event "*** Titled Tuesday Blitz"]
[Site "Chess.com"]
[Date "2020.11.03"]
[Round "3"]
[White "Igor_Lysyj"]
[Black "Anna_ChessMate"]
[Result "1-0"]
[WhiteElo "2821"]
[BlackElo "2532"]
[TimeControl "180+1"]
[EndTime "10:29:25 PST"]
[Termination "Igor_Lysyj won on time"]

1. d4 d5 2. Nf3 Nf6 3. g3 Bf5 4. c4 c6 5. Nc3 e6 6. Nh4 Bg6 7. Nxg6 hxg6 8. Qd3 Nbd7 9. Bg2 Be7 10. O-O O-O 11. Rd1 Qc7 12. b3 Rad8 13. Bb2 Rfe8 14. Rac1 Qb8 15. e3 Nf8 16. Qb1 N6d7 17. e4 dxe4 18.
Nxe4 Nf6 19. Ng5 N8h7 20. Nf3 c5 21. dxc5 Bxc5 22. Ne5 Qc7 23. Rxd8 Rxd8 24. Rd1 Rxd1+ 25. Qxd1 Nf8 26. Qf3 b6 27. h3 N8d7 28. Nc6 a5 29. Qd3 Kf8 30. a3 Ke8 31. b4 axb4 32. axb4 Bd6 33.
Qa3 Kf8 34. Qa8+ Ne8 35. Bd4 Ne5 36. c5 bxc5 37. bxc5 1-0

[Event "*** Titled Tuesday Blitz"]
[Site "Chess.com"]
[Date "2020.11.03"]
[Round "3"]
[White "vovachesss"]
[Black "Oleksandr_Bortnyk"]
[Result "0-1"]
[WhiteElo "2695"]
[BlackElo "2926"]
[TimeControl "180+1"]
[EndTime "10:29:27 PST"]
[Termination "Oleksandr_Bortnyk won by resignation"]

1. c4 d6 2. Nc3 e5 3. g3 g6 4. Bg2 Bg7 5. d3 Ne7 6. e4 Nbc6 7. Nge2 h5 8. h3 Be6 9. Be3 Qd7 10. Qd2 Nd4 11. f4 c6 12. O-O-O b5 13. cxb5 cxb5 14. Kb1 b4 15. Nd5 Bxd5 16. exd5 b3 17.
axb3 O-O 18. fxe5 Nxb3 19. Qc2 Rab8 20. d4 Qa4 21. Qd3 Rfc8 22. Nc3 Qa1+ 23. Kc2 Nxd4+ 24. Qxd4 Qxb2+ 25. Kd3 Bxe5 0-1

[Event "*** Titled Tuesday Blitz"]
[Site "Chess.com"]
[Date "2020.11.03"]
[Round "3"]
[White "jefferyx"]
[Black "Shubinkirill2003"]
[Result "1-0"]
[WhiteElo "2921"]
[BlackElo "2692"]
[TimeControl "180+1"]
[EndTime "10:29:27 PST"]
[Termination "jefferyx won by resignation"]

1. e4 e6 2. d4 d5 3. Nc3 Bb4 4.
Ne2 Nc6 5. a3 Ba5 6. b4 Bb6 7.
Bb2 Nge7 8. e5 O-O 9. Na4 f6 10. g3 fxe5 11. Nxb6 axb6 12. dxe5 d4 13. Bg2 Nxe5 14.
Qxd4 Qxd4 15. Nxd4 Nc4 16. Bc1 e5 17. Bg5 exd4 18.
Bxe7 Rf5 19. O-O c6 20. Rfe1 Kf7 21. Rad1 Nxa3 22. Be4 Rb5 23. Rxd4 Kxe7 24. Bxc6+ Kf7 25. Be8+ Kf6 26. Rd6+ 1-0

[Event "*** Titled Tuesday Blitz"]
[Site "Chess.com"]
[Date "2020.11.03"]
[Round "3"]
[White "elohunter1999"]
[Black "tan275"]
[Result "1-0"]
[WhiteElo "2487"]
[BlackElo "2192"]
[TimeControl "180+1"]
[EndTime "10:29:30 PST"]
[Termination "elohunter1999 won by resignation"]

1. e4 c6 2. d4 d5 3. e5 Bf5 4. Nf3 e6 5. Be2 Ne7 6. O-O Bg6 7. Nbd2 Nf5 8. Nb3 Nd7 9. a4 Be7 10. a5 a6 11. Bd2 h5 12. c4 h4 13. h3 Bh5 14. cxd5 cxd5 15. Ne1 Bxe2 16. Qxe2 Rh6 17.
Bxh6 gxh6 18. Nd3 Rc8 19. Rac1 Rc4 20. Nf4 Bg5 21. Rxc4 dxc4 22. Nxe6 fxe6 23. Qxc4 Kf7 24. f4 Ne3 25. fxg5+ Nxf1 26. Qxf1+ Kg7 27. gxh6+ Kxh6 28. Qf4+ Qg5 29. Qxg5+ Kxg5 30. Nc5 Nxc5 31. dxc5 Kf5 32. b4 Kxe5 33. b5 Kd5 34. c6 bxc6 35.
bxa6 1-0